 Dungeon Crawl Stone Soup version 0.30-b1-2-g02819fbbbe (webtiles) character file.

Game seed: 12454978537488567803

18 Fronk the Conjurer (level 2, -3/15 HPs)
             Began as a Deep Elf Conjurer on Aug 20, 2023.
             Killed from afar by Ijyb (18 damage)
             ... with a bolt of acid
             ... on level 3 of the Dungeon.
             The game lasted 00:01:31 (641 turns).

Fronk the Conjurer (Deep Elf Conjurer)               Turns: 641, Time: 00:01:31

Health: -3/15      AC:  2    Str:  4    XL:     2   Next: 48%
Magic:  7/8        EV: 12    Int: 22    God:
Gold:   73         SH:  0    Dex: 13    Spells: 6/7 levels left

rFire   . . .        (no weapon)
rCold   . . .        (no shield)
rNeg    . . .        a - +0 robe
rPois   .            (no helmet)
rElec   .            (no cloak)
rCorr   .            (no gloves)
SInv    .            (no boots)
Will    .....        (no amulet)
Stlth   ++           (no ring)
HPRegen 0.22/turn    (no ring)
MPRegen 0.11/turn

%: no passive effects
@: no status effects
A: no striking features
a: no special abilities


You were on level 3 of the Dungeon.
You visited 1 branch of the dungeon, and saw 3 of its levels.

You collected 73 gold pieces.

Inventory:

Armour
 a - a +0 robe (worn)
Potions
 b - a potion of magic
 c - a potion of might {unknown}
 d - 2 potions of flight {unknown}
 e - a potion of haste {unknown}
 f - a potion of lignification {unknown}


   Skills:
 + Level 2.5 Dodging
 + Level 2.5 Stealth
 + Level 3.2 Spellcasting
 + Level 5.0 Conjurations


You had 6 spell levels left.
You knew the following spells:

 Your Spells              Type           Power      Damage    Failure   Level
a - Magic Dart            Conj           100%       1d8       1%          1

Your spell library contained the following spells:

 Spells                   Type           Power      Damage    Failure   Level
 Searing Ray              Conj           50%        2d6       2%          2
 Dazzling Flash           Conj/Hex       28%        N/A       13%         3
 Fulminant Prism          Conj/Hex       7%         3d7       41%         4
 Iskenderun's Mystic Bla  Conj/Tloc      14%        2d5       41%         4


Dungeon Overview and Level Annotations

Branches:
Dungeon (3/15)

Altars:

Annotations:
D:3 Ijyb


Message History

The magic dart hits the giant cockroach.
The giant cockroach is almost dead.
The giant cockroach bites you.
Casting: Magic Dart (safe; 1% risk of failure)
Confirm with . or Enter, or press ? or * to list all spells.
Aiming: Magic Dart (safe; 1% risk of failure)
Press: ? - help, Shift-Dir - straight line, f/p - giant cockroach
Aim: a giant cockroach (almost dead, 100% to hit)
The magic dart hits the giant cockroach.
You kill the giant cockroach!
Casting: Magic Dart (safe; 1% risk of failure)
Confirm with . or Enter, or press ? or * to list all spells.
You don't have enough magic to cast this spell.
Found a scale mail.
Found 16 gold pieces.
Found a ruby potion.
Your magical contamination has completely faded away.
There is a stone staircase leading down here.
You now have 73 gold pieces (gained 16).
Found a stone staircase leading up.
d - 2 ruby potions (gained 1)
There is a stone staircase leading down here.
You start resting.
Magic restored.
You climb downwards.
Found a dagger and a murky yellow potion.
There is a stone staircase leading up here.
f - a murky yellow potion Ijyb the Twisted Goblin comes into view.
She is wielding a +6 club, wearing a +2 scale mail of fire resistance and carrying a wand of acid (7).
Found a scroll labelled SEBEKHL IGGUPS.
Casting: Magic Dart (safe; 1% risk of failure)
Confirm with . or Enter, or press ? or * to list all spells.
Aiming: Magic Dart (safe; 1% risk of failure)
Press: ? - help, Shift-Dir - straight line, f - Ijyb
Aim: Ijyb, wielding a +6 club, wearing a +2 scale mail of fire resistance and carrying a wand of acid (7) (asleep, 100% to hit)
The magic dart hits Ijyb but does no damage.
Ijyb shouts!
Ijyb zaps a wand.
The bolt of acid hits you!!
Ouch! That really hurt!
You die...

#......)...#
#..........#
#..........# #
#......<...# .#
#..........# ?..
#..........## ..#
#...........# ...#
#...........##..##
#...........@....#
########.####.......
#.. ....... ##.
g...... .......
....... ......#
.......


You could see Ijyb.

Vanquished Creatures
  4 ball pythons (D:1)
  4 endoplasms
  2 giant cockroaches
  A hobgoblin (D:1)
  A kobold (D:2)
  A quokka (D:2)
  2 bats (D:1)
  A frilled lizard (D:2)
16 creatures vanquished.

Notes
Turn   | Place    | Note
-------+----------+-------------------------------------------
     0 | D:1      | Fronk the Deep Elf Conjurer began the quest for the Orb.
     0 | D:1      | Reached XP level 1. HP: 10/10 MP: 6/6
   254 | D:1      | Reached XP level 2. HP: 15/15 MP: 6/8
   532 | D:2      | Reached skill level 5 in Conjurations
   640 | D:3      | Noticed Ijyb
   641 | D:3      | Killed from afar by Ijyb

Illustrated notes

Levels and vault maps discovered:
D:1:      amcnicky_arrival_single_pillar, layout_basic, nicolae_titane
D:2:      cheibrodos_greedy_goblins, layout_basic, basic_altar, minmay_ruptured,
          uniq_sigmund
D:3:      layout_rooms, nzn_wu_jian_contemplation,
          shapermc_ecumenical_altar_totnotflames, kennysheep_generic_room_4,
          uniq_ijyb, uniq_grinder, uniq_natasha

Skill      XL: |  1  2 |
---------------+-------+-----
Conjurations   | 5 |  5.0
Dodging        | |  2.5
Stealth        | |  2.5
Spellcasting   | |  3.2

Action                     || total
---------------------------++-------
   Cast: Magic Dart        ||    37
 Armour: Robe              ||     2
  Dodge: Dodged            ||     2
